 Dungeon Crawl Stone Soup version 0.30-a0-808-g6e0788376e (webtiles) character file.

Game seed: 1562463083961827168

44 cforsyth the Sneak (level 3, -5/33 HPs)
             Began as a Kobold Brigand on Feb 27, 2023.
             Slain by a gnoll
             ... wielding a +0 flail
              (8 damage)
             ... on level 2 of the Dungeon.
             The game lasted 00:01:52 (1057 turns).

cforsyth the Sneak (Kobold Brigand)                 Turns: 1057, Time: 00:01:52

Health: -5/33      AC: 21    Str:  8    XL:     3   Next: 85%
Magic:  3/3        EV:  3    Int: 12    God:
Gold:   46         SH:  0    Dex: 18    Spells: 2/2 levels left

rFire   . . .      SeeInvis .    l - +1 dagger (vamp)
rCold   . . .      Faith    .    (no shield)
rNeg    . . .      Spirit   .    (body armour currently unavailable)
rPois   +          Reflect  .    (helmet currently unavailable)
rElec   .          Harm     .    (cloak currently unavailable)
rCorr   .          Rampage  .    (gloves currently unavailable)
Will    .....      NoTele   +    (boots currently unavailable)
Stlth   ++++                     (no amulet)
HPRegen 0.25/turn                (no ring)
MPRegen 0.08/turn                (no ring)

@: tree-form
A: stationary, stasis, torment immunity, boosted hp, small, no large weapons,
nightstalker 3
a: no special abilities


You were on level 2 of the Dungeon.
You were a tree.
You visited 1 branch of the dungeon, and saw 2 of its levels.

You collected 46 gold pieces.

Inventory:

Hand Weapons
 a - a +2 dagger
 l - a +1 vampiric dagger (weapon)
Missiles
 d - 9 poisoned darts (quivered)
 e - 3 curare-tipped darts
Armour
 b - a +0 robe (melded)
 c - a +0 cloak (melded)
Scrolls
 f - a scroll of enchant armour {unknown}
 h - 3 scrolls of identify {unknown}
 k - a scroll of enchant weapon {unknown}
 m - a scroll of noise {unknown}
Potions
 g - a potion of lignification
 i - a potion of attraction {unknown}
 j - 2 potions of mutation {unknown}


   Skills:
 + Level 2.8 Fighting
 + Level 3.4 Short Blades
 - Level 2.1 Throwing
 + Level 2.2 Dodging
 + Level 5.9 Stealth


You had 2 spell levels left.
You didn't know any spells.
Your spell library was empty.

Dungeon Overview and Level Annotations

Branches:
Dungeon (2/15)

Altars:
Ru


Innate Abilities, Weirdness & Mutations

You are a tree.
Your roots penetrate the ground, keeping you stationary.
You cannot be teleported.
You are immune to unholy pain and torment.
Your maximum health is greatly increased.
Your equipment is partially melded.
You are small and have problems with some larger weapons.
You are completely attuned to the shadows.


Message History

The helpless bat fails to defend itself.
You impale the bat!!
You kill the bat!
Found a stone staircase leading down.
Found a stone staircase leading up.
No target in view!
No target in view!
No target in view!
No target in view!
You now have 46 gold pieces (gained 3).
m - a scroll labelled WAUGRIRUUM 2 gnolls come into view.
You see here a staff of earth.
There are monsters nearby!
There are monsters nearby!
There are monsters nearby!
A gnoll comes into view. It is wielding a +0 flail.
The gnoll shouts! x3
You hit the gnoll but do no damage. The gnoll hits you with a +0 flail!
You barely miss the gnoll. The gnoll barely misses you.
The gnoll hits you with a +0 flail!
* * * LOW HITPOINT WARNING * * *
You are too injured to fight recklessly!
You are too injured to fight recklessly!
You are too injured to fight recklessly!
You are too injured to fight recklessly!
The gnoll attacks as you move away! The gnoll barely misses you.
The gnoll attacks as you move away! The gnoll closely misses you.
The gnoll attacks as you move away! The gnoll barely misses you.
Unknown command.
There is a stone staircase leading down here.
The gnoll hits you with a +0 flail.
* * * LOW HITPOINT WARNING * * *
The gnoll barely misses you.
The gnoll hits you from afar with a +0 spear.
* * * LOW HITPOINT WARNING * * *
It was a potion of lignification.
You turn into a tree.
Your +0 cloak melds into your body.
Your +0 robe melds into your body.
Your roots penetrate the ground.
The gnoll hits you with a +0 flail!
You die...

####.......####.....
#####
......|....####.....
##
...........#........
#.
..............#.....
#.
####....<.....#.....
#. ##...........####
#. ##.g.>...#### #.
###.gg### #### #.
#.♣.# ....###. ##.##
####......##.
#.####.........##.
#......##..._.)...
#####..##......###
#..†.......#
##.#####.###
#.#####.# #.......#


You could see 3 gnolls.

Vanquished Creatures
  3 dart slugs (D:1)
  2 bats
  3 endoplasms (D:1)
  3 giant cockroaches (D:1)
  2 goblins (D:1)
  A hobgoblin (D:1)
  7 jackals (D:1)
  3 kobolds (D:1)
  5 ball pythons (D:1)
  3 frilled lizards (D:1)
  3 rats (D:1)
35 creatures vanquished.

Notes
Turn   | Place    | Note
-------+----------+-------------------------------------------
     0 | D:1      | cforsyth the Kobold Brigand began the quest for the Orb.
     0 | D:1      | Reached XP level 1. HP: 12/12 MP: 1/1
   220 | D:1      | Reached XP level 2. HP: 18/18 MP: 2/2
   531 | D:1      | Reached XP level 3. HP: 22/22 MP: 3/3
   987 | D:2      | Found a sacrificial altar of Ru.
  1056 | D:2      | HP: 1/22 [gnoll/+0 spear (2)]
  1057 | D:2      | Slain by a gnoll

Illustrated notes

Levels and vault maps discovered:
D:1:      dpeg_arrival_houses_and_road, layout_basic, nrook_campfire,
          minmay_misc_feat_ornament, minmay_surrounded
D:2:      layout_loops_cross, basic_altar, minmay_tromino_mix6

Skill      XL: |  1  2  3 |
---------------+----------+-----
Short Blades   | 3 |  3.4
Dodging        | 2 |  2.2
Fighting       | |  2.8
Throwing       | |  2.1
Stealth        | |  5.9

Action                     || total
---------------------------++-------
  Melee: Dagger            ||   111
    Use: Potion            ||     1
   Stab: Sleeping          ||    13
         Distracted        ||     1
 Armour: Robe              ||    21
  Dodge: Dodged            ||    90

Table legend: (Time is in decaauts)
 A = Elapsed time spent in this place.
 B = Non-inter-level travel time spent in this place.
 C = Inter-level travel time spent in this place.
 D = Time resting spent in this place.
 E = Time spent auto-exploring this place.
 F = Levels seen in this place.
 G = Mean time per level.
                   A        B        C        D        E       F      G
               +--------+--------+--------+--------+--------+-----+--------+
         Total |   1038 |   1017 |     21 |      0 |    805 |   2 |  519.0 |
       Dungeon |   1038 |   1017 |     21 |      0 |    805 |   2 |  519.0 |
               +--------+--------+--------+--------+--------+-----+--------+

Top non-repeatable levels by time:
     D:1: 928 daAuts
     D:2: 110 daAuts
